 Dungeon Crawl Stone Soup version 0.29-a0-418-gc0181ea820 (webtiles) character file.

Game seed: 14881443617861254476

1465 marklar909 the Cudgeller (level 8, -3/60 HPs)
             Began as a Palentonga Fighter on May 18, 2022.
             Was a Believer of Hepliaklqana.
             Slain by a troll (11 damage)
             ... on level 5 of the Dungeon.
             The game lasted 00:11:34 (7659 turns).

marklar909 the Cudgeller (Palentonga Fighter)       Turns: 7659, Time: 00:11:35

Health: -3/60      AC: 18    Str: 19    XL:     8   Next: 48%
Magic:  8/8        EV:  7    Int:  9    God:    Hepliaklqana [**....]
Gold:   172        SH:  9    Dex: 12    Spells: 7/7 levels left

rFire   . . .      SeeInvis +   F - +1 whip (venom)
rCold   . . .      Faith    .   i - +0 kite shield
rNeg    . . .      Spirit   .   b - +0 scale mail
rPois   .          Reflect  .   j - +2 hat
rElec   .          Harm     .   s - +0 cloak
rCorr   .          Rampage  .   y - +0 pair of gloves
Will    .....                   (no barding)
Stlth   ..........              (no amulet)
HPRegen 0.20/turn               (no ring)
MPRegen 0.11/turn               (no ring)

@: curled up
A: reduced essence, large, rugged brown scales 3, see invisible, deformed body,
roll 1, armoured tail, reflexive curl
a: Rolling Charge, Renounce Religion, Recall Ancestor, Ancestor Identity


You were on level 5 of the Dungeon.
You worshipped Hepliaklqana.
Hepliaklqana was pleased with you.
You visited 1 branch of the dungeon, and saw 6 of its levels.
You also visited: Sewer.

You collected 222 gold pieces.
You spent 50 gold pieces at shops.

Inventory:

Hand Weapons
 a - a +0 flail
 f - a +0 morningstar
 F - a +1 whip of venom (weapon)
Missiles
 n - a throwing net
Armour
 b - a +0 scale mail (worn)
 i - a +0 kite shield (worn)
 j - a +2 hat (worn)
 s - a +0 cloak (worn)
 y - a +0 pair of gloves (worn)
Scrolls
 c - 2 scrolls of teleportation
 e - 2 scrolls of vulnerability
 h - 3 scrolls of poison
 p - a scroll of immolation {unknown}
 t - a scroll of enchant armour {unknown}
 u - a scroll of fog
 v - a scroll of acquirement {unknown}
 w - a scroll of summoning {unknown}
 A - a scroll of enchant weapon {unknown}
 B - a scroll of fear {unknown}
 D - a scroll of magic mapping {unknown}
 E - a scroll of amnesia {unknown}
Potions
 d - 4 potions of might
 g - a potion of attraction
 k - a potion of flight
 l - 4 potions of haste
 m - 2 potions of curing
 o - 3 potions of brilliance
 r - a potion of cancellation
 x - a potion of resistance {unknown}
 z - 2 potions of magic {unknown}
 C - a potion of heal wounds {unknown}


   Skills:
 + Level 5.2 Fighting
 + Level 6.3 Maces & Flails
 + Level 5.1 Armour
 + Level 2.3 Dodging
 + Level 0.5 Stealth
 + Level 4.3 Shields


You had 7 spell levels left.
You didn't know any spells.
Your spell library contained the following spells:

 Spells                   Type           Power      Damage    Failure   Level
 Sting                    Tmut/Pois      0%         1d3       95%         1
 Poisonous Vapours        Pois/Air       0%         N/A       99%         2
 Olgreb's Toxic Radiance  Pois           0%         N/A       100%        4


Dungeon Overview and Level Annotations

Branches:
Dungeon (6/15)             Temple (0/1) D:4           Sewer (visited)

Altars:
Gozag
Hepliaklqana
Trog
Yredelemnul

Shops:
D:1 (?[:


Innate Abilities, Weirdness & Mutations

Your life essence is reduced to manifest your ancestor. (-10% HP)
You are completely covered in rugged brown scales. (AC +3, +7% HP)
You have supernaturally acute eyesight. (SInv)
Armour fits poorly on your strangely shaped body.
You can roll at nearby foes to attack.
You have a long armoured tail.
You curl defensively after being hit. (AC +7*)


Message History

Done exploring.
Done exploring.
There is a stone staircase leading down here.
You start waiting.
Done waiting.
There is a stone staircase leading down, spattered with blood here.
You climb downwards.
The gnoll shouts!
The troll shouts!
You hear a shout!
The centaur wields a +0 shortbow.
The centaur shoots an arrow.
The arrow hits you. The troll bites you but does no damage.
You block the troll's attack. The troll claws you but does no damage.
The centaur shoots an arrow.
The arrow closely misses you.
Found a faintly humming leather armour, a potion of might and a long sword.
There is a stone staircase leading up here.
The troll bites you! The troll claws you but does no damage.
You block the troll's attack.
The centaur shoots an arrow.
The arrow hits you but does no damage.
You climb upwards.
There is a stone staircase leading down, spattered with blood here.
Unknown command.
You hit the troll but do no damage.
The troll is poisoned.
Your tail-slap misses the troll.
The troll bites you! You block the troll's attack. The troll claws you.
The troll attacks as you move away! The troll closely misses you.
The troll claws you but does no damage. x2
Okay, then.
You aren't carrying any items that you can evoke.
Unknown command.
You barely miss the troll.
The troll is lightly wounded.
The troll bites you!
* * * LOW HITPOINT WARNING * * *
The troll claws you!
* * * LOW HITPOINT WARNING * * *
The troll claws you.
* * * LOW HITPOINT WARNING * * *
Okay, then.
Okay, then.
You feel better. The troll bites you!
You die...

≈§≈§≈.# ##.#.# #.##### ..§§..#
#...# #.[...# ≈.≈§≈.# ##..#
#.###.# ..≈§≈.# #..# ### #.#
≈≈≈.≈§# #..# #.# §...≈§#####
#..# #.# ≈§§§§§....# ##># ###
#.# .§........# #T# #§# #.#
.#........### #@# #§# #.#
.##.........####.# #.# #.#
..#.....).#......######.######.#
..#.....>.#....................#
..#####'####...................#
..# #.# #..................##
..# #.# #.....######8#######
#######.# #.....# ### ..).....#
#.....#


You could see a troll (poisoned).

Vanquished Creatures
  A black bear (D:4)
  2 kobold brigands (Sewer)
  A necrophage (D:3)
  3 scorpions (D:5)
  2 wights (D:5)
  2 orc priests
  A hound (D:5)
  Crazy Yiuf (D:5)
  An iguana (D:4)
  An orc wizard (D:4)
  4 gnolls
  7 river rats
  11 adders
  A shadow imp (D:6)
  4 worms
  4 dart slugs (D:1)
  7 orcs
  5 ball pythons
  6 endoplasms
  3 giant cockroaches
  6 goblins
  3 hobgoblins
  8 jackals
  2 quokkas
  3 bats
  3 frilled lizards
  5 kobolds
  8 rats
105 creatures vanquished.

Vanquished Creatures (collateral kills)
  2 yaks (D:6)
  A wight (D:5)
  3 hounds (D:5)
6 creatures vanquished.

Vanquished Creatures (others)
  2 ancestors (D:5)
  3 plants (Sewer)
5 creatures vanquished.

Grand Total: 116 creatures vanquished

Notes
Turn   | Place    | Note
-------+----------+-------------------------------------------
     0 | D:1      | marklar909 the Palentonga Fighter began the quest for the
                  | Orb.
     0 | D:1      | Reached XP level 1. HP: 19/19 MP: 1/1
   130 | D:1      | Reached XP level 2. HP: 17/25 MP: 2/2
   339 | D:1      | Found Openue's Antique Armour Shoppe.
   346 | D:1      | Found Jebur's Book Boutique.
   534 | D:1      | You fall into a shaft and drop 1 floor!
   621 | D:2      | Reached XP level 3. HP: 30/31 MP: 3/3
  1075 | D:2      | Reached XP level 4. HP: 21/37 MP: 4/4
  1654 | D:1      | Found Ysherul's Weapon Shop.
  1684 | D:1      | Found Nilipaqo's Magic Scroll Boutique.
  1704 | D:1      | Reached skill level 3 in Maces & Flails
  1723 | D:1      | Bought a scroll of identify for 20 gold pieces
  1723 | D:1      | Bought a scroll of identify for 20 gold pieces
  1723 | D:1      | Bought a scroll of noise for 10 gold pieces
  2440 | D:3      | Noticed a necrophage
  2448 | D:3      | Killed a necrophage
  2449 | D:3      | Reached XP level 5. HP: 32/43 MP: 5/5
  2609 | D:3      | Found a hazy altar of Hepliaklqana.
  2776 | D:3      | Reached skill level 1 in Dodging
  2825 | D:3      | Reached skill level 4 in Maces & Flails
  2832 | D:3      | Found a glowing drain.
  2837 | Sewer    | Entered a sewer
  2987 | Sewer    | Reached XP level 6. HP: 40/51 MP: 6/6
  3860 | D:3      | Became a worshipper of Hepliaklqana the Forgotten
  4051 | D:3      | Found a faded altar of an unknown god.
  4575 | D:4      | Gained mutation: You curl defensively after being hit. (AC
                  | +7*) [Palentonga growth]
  4575 | D:4      | Reached XP level 7. HP: 53/57 MP: 7/7
  4636 | D:4      | Reached skill level 5 in Maces & Flails
  4731 | D:4      | Found a staircase to the Ecumenical Temple.
  5160 | D:4      | Reached * piety under Hepliaklqana
  5458 | D:5      | Entered Level 5 of the Dungeon
  5575 | D:5      | Found an opulent altar of Gozag.
  6233 | D:5      | Found a basalt altar of Yredelemnul.
  6350 | D:5      | Found a runed translucent door.
  6351 | D:5      | Noticed Crazy Yiuf
  6438 | D:5      | Reached skill level 5 in Fighting
  6549 | D:5      | Reached XP level 8. HP: 45/60 MP: 8/8
  6766 | D:5      | Found a bloodstained altar of Trog.
  7117 | D:5      | Killed Crazy Yiuf
  7118 | D:5      | Reached skill level 6 in Maces & Flails
  7194 | D:6      | Reached ** piety under Hepliaklqana
  7195 | D:6      | Remembered your ancestor Ahumratum as a hexer
  7209 | D:6      | Reached skill level 5 in Armour
  7652 | D:6      | Noticed a troll
  7658 | D:5      | HP: 3/60 [troll (2)]
  7659 | D:5      | Slain by a troll

Illustrated notes

Levels and vault maps discovered:
D:1:      lightli_arrival_maybe_door_vault, layout_loops_ring, serial_shops,
          shop, nicolae_shop_bloodbath_and_beyond, shop, shop_scrolls,
          minmay_unequal
D:2:      layout_basic
D:3:      layout_loops_ring, mainiacjoe_overflow_catwalk,
          hellmonk_ecumenical_altar_slurped_away, lightli_sewer_entry_pipes
D:4:      layout_gridville, minmay_temple_entry_drinking_statues
D:5:      layout_basic, mainiacjoe_overflow_catwalk_spiral, bloody_trog,
          serial_curves, eino_curves_03, eino_curves_04, lemuel_flamethrower_1,
          uniq_crazy_yiuf_cottage
D:6:      layout_cave_pools, lemuel_mausoleum_altar_kikubaaqudgha, serial_shops,
          kennysheep_mini, minmay_crystal_water, kennysheep_donut

Skill      XL: |  1  2  3  4  5  6  7  8 |
---------------+-------------------------+-----
Shields        | 3 4 |  4.3
Maces & Flails | 3 4 5 6 |  6.3
Armour         | 3 4 5 |  5.1
Dodging        | 1 2 |  2.3
Fighting       | 4 5 |  5.2
Stealth        | |  0.5

Action                   |  1- 3 |  4- 6 |  7- 9 || total
-------------------------+-------+-------+-------++-------
Melee: Flail             |    65 |   167 |   113 ||   345
       Tailslap          |     5 |    17 |    18 ||    40
       Whip              |       |       |    17 ||    17
Invok: Ancestor Life: He |       |       |     1 ||     1
 Abil: Rolling Charge    |       |       |     1 ||     1
  Use: Scroll            |       |     8 |     3 ||    11
       Potion            |       |       |     1 ||     1
Armor: Scale mail        |    31 |    84 |    65 ||   180
Dodge: Dodged            |    24 |    47 |    35 ||   106
Block: Buckler           |    11 |       |       ||    11
       Kite shield       |     8 |    76 |    60 ||   144

Table legend: (Time is in decaauts)
 A = Elapsed time spent in this place.
 B = Non-inter-level travel time spent in this place.
 C = Inter-level travel time spent in this place.
 D = Time resting spent in this place.
 E = Time spent auto-exploring this place.
 F = Levels seen in this place.
 G = Mean time per level.
                   A        B        C        D        E       F      G
               +--------+--------+--------+--------+--------+-----+--------+
         Total |   7955 |   7241 |    714 |   1707 |   4480 |   7 | 1136.4 |
       Dungeon |   6887 |   6173 |    714 |   1558 |   3731 |   6 | 1147.8 |
         Sewer |   1067 |   1067 |      0 |    149 |    748 |   1 | 1067.0 |
               +--------+--------+--------+--------+--------+-----+--------+

Top non-repeatable levels by time:
     D:5: 1788 daAuts
     D:4: 1464 daAuts
     D:2: 1399 daAuts
     D:3: 1122 daAuts
   Sewer: 1067 daAuts
     D:1: 1064 daAuts
     D:6: 48 daAuts
